 Dungeon Crawl Stone Soup version 0.27-a0-380-g150de4c316 (webtiles) character file.

Game seed: 18117921681122933382

27 dickylongcocking the Vexing (level 3, 0/36 HPs)
             Began as an Ogre Arcane Marksman on Feb 17, 2021.
             Succumbed to an adder's poison
             ... on level 2 of the Dungeon.
             The game lasted 00:00:51 (789 turns).

dickylongcocking the Vexing (Ogre Arcane Marksman)   Turns: 789, Time: 00:00:51

Health: 0/36       AC:  3    Str: 14    XL:     3   Next: 10%
Magic:  4/4        EV: 10    Int: 14    God:
Gold:   22         SH:  0    Dex: 10    Spells: 3/4 levels left

rFire    . . .     SeeInvis .   g - +0 club
rCold    . . .     Faith    .   (no shield)
rNeg     . . .     Spirit   .   a - +0 robe
rPois    .         Reflect  .   (helmet restricted)
rElec    .         Harm     .   (no cloak)
rCorr    .         Rampage  .   (gloves unavailable)
Will     .....                  (boots unavailable)
Stlth    +.........             (no amulet)
HPRegen  0.12/turn              (no ring)
MPRegen  0.09/turn              (no ring)

@: brilliant, lethally poisoned (0 -> -2), hasted, very quick
A: large, unfitting armour, tough skin 1
a: no special abilities


You were on level 2 of the Dungeon.
You visited 1 branch of the dungeon, and saw 2 of its levels.

You collected 22 gold pieces.

Inventory:

Hand Weapons
 c - a +0 dagger
 g - a +0 club (weapon)
Missiles
 d - a large rock (quivered)
Armour
 a - a +0 robe (worn)
Scrolls
 b - 2 scrolls of blinking {unknown}
 e - a scroll of teleportation {unknown}
 f - 2 scrolls of enchant armour {unknown}
 i - a scroll of fog {unknown}
Potions
 h - 2 potions of berserk rage {unknown}


   Skills:
 * Level 2.4 Fighting
 - Level 0.3 Short Blades
 * Level 1.3 Maces & Flails
 - Level 2.0 Throwing
 - Level 2.0 Dodging
 - Level 1.2 Spellcasting
 - Level 2.8 Hexes


You had 3 spell levels left.
You knew the following spells:

 Your Spells              Type           Power        Failure   Level
a - Corona                Hex            14%          9%          1

Your spell library contained the following spells:

 Spells                   Type           Power        Failure   Level
 Slow                     Hex            13%          12%         2
 Inner Flame              Hex/Fire       7%           41%         3
 Portal Projectile        Hex/Tloc       14%          41%         3
 Cause Fear               Hex            6%           63%         4
 Leda's Liquefaction      Hex/Erth       3%           82%         4


Dungeon Overview and Level Annotations

Branches:
Dungeon (2/15)

Altars:


Innate Abilities, Weirdness & Mutations

You are too large for most types of armour.
You have tough skin. (AC +1)


Message History

The hobgoblin shouts!
The adder bites you.
You are poisoned.
The adder poisons you!
You closely miss the adder.
You feel sick. The adder bites you. The adder bites you but does no damage.
You hit the adder.
The adder is moderately wounded.
You feel sick. The adder bites you. The adder bites you but does no damage.
You closely miss the adder.
The adder is moderately wounded.
The adder barely misses you.
Unknown command.
Throw: 2 large rocks
Press: ? - help, Q - select action, (/) - cycle Shift-Dir - straight line, f - adder
Aim: an adder (moderately wounded, 35% to hit)
You throw a large rock. The large rock hits the adder!
You kill the adder!
You feel sick. The hobgoblin hits you with a +0 club.
You have reached level 3!
Your experience leads to an increase in your attributes!
Increase (S)trength, (I)ntelligence, or (D)exterity?
You feel agile.
You feel stronger.
You closely miss the hobgoblin. The hobgoblin hits you with a +0 club.
* * * LOW HITPOINT WARNING * * *
You hit the hobgoblin but do no damage.
You feel sick. The hobgoblin hits you with a +0 club.
* * * LOW HITPOINT WARNING * * *
You hit the hobgoblin.
The hobgoblin is lightly wounded.
The hobgoblin closely misses you.
It was a potion of brilliance.
You feel clever all of a sudden. The hobgoblin barely misses you.
Okay, then.
It was a potion of haste.
You feel yourself speed up. The hobgoblin hits you with a +0 club.
* * * LOW HITPOINT WARNING * * *
Okay, then.
You die...

# ###. #....
####.#
#....$####.....
#.....g....#
#../..##@.##
#.... #..# ####
#..# #..# #..#
#..# #..#
########..#
#.........#


You could see a hobgoblin.

Vanquished Creatures
  An adder (D:2)
  A dart slug (D:1)
  2 leopard geckos (D:1)
  A bat (D:1)
  5 goblins (D:1)
  A hobgoblin (D:1)
  A frilled lizard (D:1)
  A rat (D:1)
13 creatures vanquished.

Notes
Turn   | Place    | Note
-------+----------+-------------------------------------------
     0 | D:1      | dickylongcocking the Ogre Arcane Marksman began the quest
                  | for the Orb.
     0 | D:1      | Reached XP level 1. HP: 19/19 MP: 2/2
   229 | D:1      | Reached XP level 2. HP: 25/27 MP: 3/3
   546 | D:1      | Reached skill level 1 in Maces & Flails
   784 | D:2      | Reached XP level 3. HP: 12/36 MP: 4/4
   788 | D:2      | HP: 1/36 [hobgoblin/+0 club (5)]
   789 | D:2      | Succumbed to an adder's poison

Illustrated notes

Levels and vault maps discovered:
D:1:      scummos_arrival_hexagon, layout_rooms
D:2:      layout_loops_ring, nicolae_overflow_crystal_walls, uniq_terence,
          uniq_natasha

Skill      XL: |  1  2 |
---------------+-------+-----
Dodging        | 2 |  2.0
Fighting       | 2 |  2.4
Maces & Flails | 1 |  1.3
Short Blades   | |  0.3
Throwing       | |  2.0
Spellcasting   | |  1.2
Hexes          | |  2.8

Action                   || total
-------------------------++-------
Melee: Dagger            ||     6
       Club              ||    34
       Unarmed           ||     4
Throw: Large rock        ||     7
       Throwing net      ||     3
  Use: Potion            ||     2
Armor: Robe              ||    11
Dodge: Dodged            ||    20

Table legend: (Time is in decaauts)
 A = Elapsed time spent in this place.
 B = Non-inter-level travel time spent in this place.
 C = Inter-level travel time spent in this place.
 D = Time resting spent in this place.
 E = Time spent auto-exploring this place.
 F = Levels seen in this place.
 G = Mean time per level.
                   A        B        C        D        E       F      G
               +--------+--------+--------+--------+--------+-----+--------+
         Total |    803 |    791 |     12 |      0 |    666 |   2 |  401.5 |
       Dungeon |    803 |    791 |     12 |      0 |    666 |   2 |  401.5 |
               +--------+--------+--------+--------+--------+-----+--------+

Top non-repeatable levels by time:
     D:1: 769 daAuts
     D:2: 34 daAuts
